 Dungeon Crawl Stone Soup version 0.30-a0-223-gcb0039aa0c (webtiles) character file.

Game seed: 6590307483573962088

183 billz999 the Sneak (level 5, -5/46 HPs)
             Began as an Octopode Air Elementalist on Oct 6, 2022.
             Slain by a gnoll sergeant
             ... wielding a +0 spear
              (9 damage)
             ... on level 3 of the Dungeon on Oct 9, 2022.
             The game lasted 00:12:49 (4250 turns).

billz999 the Sneak (Octopode Air Elementalist)      Turns: 4250, Time: 00:12:50

Health: -5/46      AC: 22    Str:  4 (7)  XL:     5   Next: 62%
Magic:  2/8        EV:  2    Int: 17 (19) God:
Gold:   152        SH:  0    Dex: 12 (13) Spells: 0/9 levels left

rFire   + . .      SeeInvis .    j - +0 dagger
rCold   . . .      Faith    .    (no shield)
rNeg    . . .      Spirit   .    (helmet currently unavailable)
rPois   +          Reflect  .    (no amulet)
rElec   .          Harm     .    e - ring of protection from fire
rCorr   .          Rampage  .    (no ring)
Will    .....      NoTele   +    (no ring)
Stlth   +++.......               (no ring)
HPRegen 0.27/turn                (no ring)
MPRegen 0.11/turn                (no ring)
                                 (no ring)
                                 (no ring)

@: tree-form
A: stationary, stasis, torment immunity, boosted hp, almost no armour,
(amphibious), 8 rings, (camouflage 1), (gelatinous body 1), (nimble swimmer 1),
(tentacles)
a: no special abilities


You were on level 3 of the Dungeon.
You were a tree.
You visited 1 branch of the dungeon, and saw 3 of its levels.

You collected 152 gold pieces.

Inventory:

Hand Weapons
 c - a +0 mace
 j - a +0 dagger (weapon)
Missiles
 d - 3 javelins
Armour
 k - a +0 hat (melded)
Jewellery
 e - a ring of protection from fire (left branch)
Scrolls
 b - 3 scrolls of teleportation
 f - a scroll of immolation {unknown}
 g - a scroll of enchant weapon {unknown}
 h - a scroll of noise {unknown}
 i - 7 scrolls of identify {unknown}
 o - 2 scrolls of blinking {unknown}
 q - a scroll of summoning {unknown}
 s - a scroll of magic mapping {unknown}
 t - 2 scrolls of poison {unknown}
Potions
 a - a potion of magic
 m - a potion of haste
 n - 3 potions of degeneration
 r - a potion of heal wounds {unknown}
 u - a potion of mutation {unknown}


   Skills:
 - Level 2.0 Dodging
 - Level 4.6 Stealth
 - Level 2.5 Spellcasting
 - Level 2.6 Conjurations
 + Level 2.3 Ice Magic
 - Level 3.5 Air Magic


You couldn't memorise any spells.
You knew the following spells:

 Your Spells              Type           Power      Damage    Failure   Level
a - Shock                 Conj/Air       48%        1d6       4%          1
b - Static Discharge      Conj/Air       24%        2-3/arc   8%          2
c - Swiftness             Air            14%        N/A       13%         3
d - Frozen Ramparts       Ice            20%        1d4       22%         3

Your spell library contained the following spells:

 Spells                   Type           Power      Damage    Failure   Level
 Sting                    Tmut/Pois      8%         1d3       19%         1
 Airstrike                Air            7%         2d(1-17)  38%         4
 Ice Form                 Ice/Tmut       6%         N/A       75%         4
 Summon Ice Beast         Ice/Summ       6%         N/A       75%         4


Dungeon Overview and Level Annotations

Branches:
Dungeon (3/15)

Altars:


Innate Abilities, Weirdness & Mutations

You are a tree.
Your roots penetrate the ground, keeping you stationary.
You cannot be teleported.
You are immune to unholy pain and torment.
Your maximum health is greatly increased.
You cannot wear most types of armour.
((You are amphibious.))
You can wear up to eight rings at the same time.
((Your skin changes colour to match your surroundings (Stealth+).))
((Your rubbery body absorbs attacks. (AC +1, EV +1)))
((You are camouflaged when in or above water. (Stealth+)))
((You have tentacles for arms and can constrict up to eight enemies at once.))


Message History

The zap hits the gnoll sergeant but does no damage.
The gnoll sergeant is lightly wounded.
Casting: Shock (safe; 4% risk of failure)
Confirm with . or Enter, or press ? or * to list all spells.
Aiming: Shock (safe; 4% risk of failure)
Press: ? - help, Shift-Dir - straight line The zap hits the gnoll sergeant but does no damage.
The gnoll sergeant is lightly wounded.
The gnoll sergeant hits you from afar with a +0 spear.
You start resting.
A gnoll sergeant is nearby!
Casting: Shock (safe; 4% risk of failure)
Confirm with . or Enter, or press ? or * to list all spells.
The gnoll sergeant is struck by an arc of lightning.
The gnoll sergeant is moderately wounded.
You are struck by an arc of lightning.
The lightning grounds out.
The gnoll sergeant hits you with a +0 spear!
Casting: Static Discharge (safe; 7% risk of failure)
Confirm with . or Enter, or press ? or * to list all spells.
The gnoll sergeant is struck by an arc of lightning.
The gnoll sergeant is moderately wounded.
You are struck by an arc of lightning.
The gnoll sergeant is struck by an arc of lightning.
The gnoll sergeant is heavily wounded.
The lightning grounds out.
The gnoll sergeant hits you with a +0 spear!
* * * LOW HITPOINT WARNING * * *
It was a potion of degeneration.
There was something very wrong with that liquid.
You feel weakened.
You feel dopey.
You feel clumsy. The gnoll sergeant barely misses you.
It was a potion of flight.
You feel very buoyant.
You fly up into the air.
The gnoll sergeant barely misses you.
Okay, then.
Okay, then.
It was a potion of lignification.
You turn into a tree.
Your +0 hat melds into your body.
Your roots penetrate the ground.
The gnoll sergeant hits you with a +0 spear!
You die...

♣.#.....#)♣#####........####
♣.#.....#.♣ ##...##### #
♣g###'###.♣### #.....# #
♣)........♣#.# ##...## ##
♣♣....♣..♣♣#.# ##.## .# ♣♣.♣..)♣♣
#.# #.# .# ♣.....♣ #.# #.# .#
♣♣...♣♣###.# ##'## .# ♣)..♣ #.♣.#
##...## .# ♣♣.♣♣##g#####.....## #
.# ♣.♣##...g.........## ##
.#########.##...###.........####.
.............>....'.........'....
..##########....###.........####.
..# #......# #........## ## ..#
#.#[#### #.#.....## # ..# #.#.#
#.##.).##


You could see a gnoll sergeant.

Vanquished Creatures
  Terence (D:2)
  Robin (D:2)
  An adder (D:2)
  5 gnolls
  2 worms
  2 dart slugs
  An orc (D:3)
  7 ball pythons
  5 bats
  3 endoplasms
  4 giant cockroaches
  18 goblins
  10 hobgoblins
  3 jackals (D:1)
  A quokka (D:2)
  A frilled lizard (D:1)
  2 kobolds
  6 rats
73 creatures vanquished.

Notes
Turn   | Place    | Note
-------+----------+-------------------------------------------
     0 | D:1      | billz999 the Octopode Air Elementalist began the quest for
                  | the Orb.
     0 | D:1      | Reached XP level 1. HP: 11/11 MP: 3/3
   216 | D:1      | Reached skill level 3 in Stealth
   240 | D:1      | Reached XP level 2. HP: 14/17 MP: 0/5
   568 | D:1      | Reached XP level 3. HP: 21/21 MP: 2/6
  1178 | D:2      | Learned a level 2 spell: Static Discharge
  1182 | D:2      | Learned a level 3 spell: Swiftness
  1232 | D:2      | Reached skill level 4 in Stealth
  1434 | D:2      | Found a faded altar of an unknown god.
  1441 | D:2      | Got Plato's Spellbook of the Snake
  1492 | D:2      | Reached XP level 4. HP: 27/27 MP: 4/7
  1700 | D:2      | Noticed Terence
  1705 | D:2      | Killed Terence
  1854 | D:2      | Noticed Robin
  2390 | D:2      | Killed Robin
  2554 | D:3      | Upgraded the game from 0.30-a0-218-gedb9141078 to
                  | 0.30-a0-223-gcb0039aa0c
  2633 | D:3      | Reached XP level 5. HP: 31/31 MP: 3/8
  2679 | D:3      | Learned a level 3 spell: Frozen Ramparts
  3071 | D:3      | Reached skill level 1 in Ice Magic
  3368 | D:3      | Found the +3 woodcutter's axe {vorpal}
  4250 | D:3      | Slain by a gnoll sergeant

Illustrated notes

Levels and vault maps discovered:
D:1:      minmay_arrival_diagonal_passages, layout_loops_cross,
          minmay_misc_feat_ornament
D:2:      layout_loops_corners, shapermc_ecumenical_altar_rom_forum,
          nicolae_concentric_dashed_squares_wild, uniq_terence, uniq_robin
D:3:      layout_loops_corners, pf_guarded_unrand_woodcutter

Skill      XL: |  1  2  3  4  5 |
---------------+----------------+-----
Stealth        | 3 4 |  4.6
Conjurations   | 2 |  2.6
Ice Magic      | 2 |  2.3
Dodging        | |  2.0
Spellcasting   | |  2.5
Air Magic      | |  3.5

Action                   |  1- 3 |  4- 6 || total
-------------------------+-------+-------++-------
Melee: Mace              |     8 |       ||     8
       Constrict         |     1 |     2 ||     3
       Dagger            |     5 |     5 ||    10
       Tentacles         |       |     1 ||     1
 Cast: Shock             |    55 |    95 ||   150
       Static Discharge  |       |    12 ||    12
  Use: Potion            |       |     5 ||     5
       Scroll            |       |     1 ||     1
 Stab: Sleeping          |     3 |       ||     3
Armor: Skin              |     4 |     3 ||     7
Dodge: Dodged            |    14 |    21 ||    35

Table legend: (Time is in decaauts)
 A = Elapsed time spent in this place.
 B = Non-inter-level travel time spent in this place.
 C = Inter-level travel time spent in this place.
 D = Time resting spent in this place.
 E = Time spent auto-exploring this place.
 F = Levels seen in this place.
 G = Mean time per level.
                   A        B        C        D        E       F      G
               +--------+--------+--------+--------+--------+-----+--------+
         Total |   4216 |   4079 |    137 |    636 |   2966 |   3 | 1405.3 |
       Dungeon |   4216 |   4079 |    137 |    636 |   2966 |   3 | 1405.3 |
               +--------+--------+--------+--------+--------+-----+--------+

Top non-repeatable levels by time:
     D:3: 1572 daAuts
     D:2: 1449 daAuts
     D:1: 1194 daAuts
